 Dungeon Crawl Stone Soup version 0.20.1-1-g8b1a95d (webtiles) character file.

159 vomix the Chopper (level 5, -2/45 HPs)
             Began as a Minotaur Berserker on Aug 17, 2017.
             Was a Believer of Trog.
             Slain by a hippogriff (4 damage)
             ... on level 3 of the Dungeon.
             The game lasted 00:03:46 (1929 turns).

vomix the Chopper (Minotaur Berserker)              Turns: 1929, Time: 00:03:47

Health: -2/45      AC:  4    Str: 22    XL:     5   Next: 17%
Magic:  4/4        EV: 12    Int:  4    God:    Trog [**....]
Gold:   227        SH:  0    Dex: 10    Spells: 4/4 levels left

rFire    . . .     SeeInvis .   a - +0 hand axe
rCold    + . .     Gourm    .   (no shield)
rNeg     . . .     Faith    .   b - +0 animal skin
rPois    .         Spirit   .   (helmet restricted)
rElec    .         Reflect  .   t - +0 cloak
rCorr    .         Harm     .   l - +0 pair of gloves
MR       .....                  (no boots)
Stlth    ..........             (no amulet)
Regen    0.2/turn               g - ring of loudness (curse)
MPRegen  0.1/turn               r - ring of protection from cold

@: no status effects
A: retaliatory headbutt, horns 2
a: Berserk, Trog's Hand, Burn Spellbooks, Renounce Religion


You were on level 3 of the Dungeon.
You worshipped Trog.
Trog was pleased with you.
You were not hungry.

You visited 1 branch of the dungeon, and saw 3 of its levels.

You collected 227 gold pieces.

Inventory:

Hand Weapons
 a - a +0 hand axe (weapon)
Armour
 b - a +0 animal skin (worn)
 l - a +0 pair of gloves (worn)
 t - a +0 cloak (worn)
Jewellery
 g - a cursed ring of loudness (left hand)
 r - a ring of protection from cold (right hand)
Scrolls
 e - 3 scrolls of remove curse {unknown}
 i - 5 scrolls of identify {unknown}
 k - 2 scrolls of enchant armour {unknown}
 m - a scroll of fear {unknown}
 n - a scroll of teleportation {unknown}
 o - a scroll of magic mapping {unknown}
Potions
 f - 2 potions of brilliance {unknown}
 h - 3 potions of curing {unknown}
 j - a potion of magic {unknown}
 q - a potion of might {unknown}
Comestibles
 c - 4 bread rations
 d - 4 royal jellies
 p - a meat ration
 s - 3 chunks of flesh


   Skills:
 - Level 3.6 Fighting
 + Level 7.1 Axes
 - Level 2.4 Armour
 - Level 2.1 Dodging


You had 4 spell levels left.
You didn't know any spells.

Dungeon Overview and Level Annotations

Branches:
Dungeon (3/15)

Altars:
Gozag
Okawaru
Trog


Innate Abilities, Weirdness & Mutations

You reflexively headbutt those who attack you in melee.
You have a pair of horns on your head.


Message History

The hippogriff pecks you but does no damage.
The hippogriff misses you.
You slash the hippogriff!
The hippogriff is lightly wounded.
The hippogriff bites you! The hippogriff misses you. The hippogriff claws you.
You are too injured to fight recklessly!
You are too injured to fight recklessly!
You are too injured to fight recklessly!
You barely miss the hippogriff. Your headbutt misses the hippogriff.
The hippogriff is lightly wounded.
The hippogriff bites you. The hippogriff pecks you.
* * * LOW HITPOINT WARNING * * *
The hippogriff claws you!
* * * LOW HITPOINT WARNING * * *
You hit the hippogriff.
The hippogriff is moderately wounded.
The hippogriff bites you!
* * * LOW HITPOINT WARNING * * *
The hippogriff pecks you.
You die...

....#### โ‰ˆ........
........ ..โ‰ˆโ‰ˆ
....... ........ ....
...... >.#####รท .....
)..... #. #)
.....##....## #. #.
............#####.#####.
......#H#.............(.
.......@#..##...........
........#..###........(#
######.....###..........
##...............##
..##.#..###........##
...............<.....
#....................
..####..........>...#. .
#..###..##..#.....


You could see a hippogriff.

Vanquished Creatures
  An orc wizard (D:3)
  6 adders
  An ooze (D:2)
  A worm (D:3)
  A dart slug (D:2)
  A leopard gecko (D:2)
  4 orcs
  8 giant cockroaches
  5 goblins
  7 hobgoblins
  7 jackals
  A quokka (D:3)
  7 bats
  7 frilled lizards
  5 kobolds
  4 rats
66 creatures vanquished.

Notes
Turn   | Place    | Note
-------+----------+-------------------------------------------
     0 | D:1      | vomix the Minotaur Berserker began the quest for the Orb.
     0 | D:1      | Reached XP level 1. HP: 19/19 MP: 0/0
     6 | D:1      | Noticed a redback
     6 | D:1      | Noticed a polar bear
     7 | D:1      | Noticed a swamp worm
     7 | D:1      | Noticed a water moccasin
   130 | D:1      | Reached skill level 4 in Axes
   271 | D:1      | Reached XP level 2. HP: 23/26 MP: 1/1
   467 | D:2      | Found an opulent altar of Gozag.
   482 | D:2      | Reached skill level 5 in Axes
   559 | D:2      | Reached XP level 3. HP: 25/31 MP: 2/2
   595 | D:2      | Found a bloodstained altar of Trog.
   817 | D:2      | Reached ** piety under Trog
  1078 | D:2      | Reached XP level 4. HP: 34/39 MP: 3/3
  1117 | D:2      | Found an iron altar of Okawaru.
  1123 | D:2      | Reached skill level 6 in Axes
  1555 | D:3      | Reached skill level 7 in Axes
  1555 | D:3      | Reached XP level 5. HP: 6/45 MP: 4/4
  1845 | D:3      | Reached *** piety under Trog
  1922 | D:3      | Noticed a hippogriff
  1929 | D:3      | HP: 2/45 [hippogriff (8)]
  1929 | D:3      | Slain by a hippogriff

Skill      XL: |  1  2  3  4 |
---------------+-------------+-----
Axes           | 4 5 7 |  7.1
Fighting       | |  3.6
Armour         | |  2.4
Dodging        | |  2.1

Action                   |  1- 3 |  4- 6 || total
-------------------------+-------+-------++-------
Melee: Hand axe          |    92 |    76 ||   168
       Headbutt          |    12 |     4 ||    16
 Stab: Sleeping          |     1 |       ||     1
  Eat: Chunk             |     1 |     2 ||     3
Armor: Animal skin       |    23 |    21 ||    44
Dodge: Dodged            |    46 |    53 ||    99
